 Dungeon Crawl Stone Soup version 0.30-a0-263-ge22c4ad894 (webtiles) character file.

Game seed: 16174643835261564468

1710 ytrimaz the Covert (level 9, -1/76 HPs)
             Began as a Kobold Berserker on Oct 13, 2022.
             Was a Priest of Trog.
             Slain by a killer bee (5 damage)
             ... on level 7 of the Dungeon.
             The game lasted 00:09:10 (7313 turns).

ytrimaz the Covert (Kobold Berserker)               Turns: 7313, Time: 00:09:10

Health: -1/76      AC: 24    Str: 15    XL:     9   Next: 24%
Magic:  18/18      EV:  3    Int: 14    God:    Trog [***...]
Gold:   109        SH:  0    Dex: 18    Spells: 8/8 levels left

rFire   . . .      SeeInvis .    u - +7 rapier of Youthful Indiscretion {drain, +Blink Fly rN+ MP+9}
rCold   . . .      Faith    .    (no shield)
rNeg    + . .      Spirit   .    (body armour currently unavailable)
rPois   +          Reflect  .    (helmet currently unavailable)
rElec   .          Harm     .    (cloak currently unavailable)
rCorr   .          Rampage  .    (gloves currently unavailable)
Will    .....      NoTele   +    (boots currently unavailable)
Stlth   ++++++....               (no amulet)
HPRegen 0.32/turn                l - +6 ring of intelligence
MPRegen 0.16/turn                (no ring)

@: lethally poisoned (-1 -> -10), tree-form
A: stationary, stasis, torment immunity, boosted hp, small, no large weapons,
nightstalker 3
a: Renounce Religion, Evoke Blink, Berserk, Trog's Hand


You were on level 7 of the Dungeon.
You worshipped Trog.
Trog was most pleased with you.
You were a tree.
You visited 1 branch of the dungeon, and saw 7 of its levels.

You collected 280 gold pieces.
You spent 171 gold pieces at shops.


Innate Abilities, Weirdness & Mutations

You are a tree.
Your roots penetrate the ground, keeping you stationary.
You cannot be teleported.
You are immune to unholy pain and torment.
Your maximum health is greatly increased.
Your equipment is partially melded.
You are small and have problems with some larger weapons.
You are completely attuned to the shadows.


   Skills:
 - Level 3.4 Fighting
 + Level 10.1 Short Blades
 - Level 1.5 Armour
 - Level 2.7 Dodging
 - Level 12.0 Stealth


You had 8 spell levels left.
You didn't know any spells.
Your spell library was empty.

Inventory:

Hand Weapons
 a - a +1 short sword
 u - the +7 rapier of Youthful Indiscretion (weapon) {drain, +Blink Fly rN+ MP+9}
   (You bought it in a shop on level 4 of the Dungeon)

   A truly terrible weapon, it drains the life of any living foe it strikes.
   rN:        It protects you from negative energy.
   MP:        It affects your magic capacity (+9).
   Fly:       It grants you flight.
   +Blink:    It lets you blink.
Armour
 b - a +0 animal skin (melded)
 y - a +1 pair of gloves (melded)
   (You found it on level 4 of the Dungeon)
 z - a +0 helmet (melded)
   (You took it off Robin on level 3 of the Dungeon)
Jewellery
 l - a +6 ring of intelligence (left branch)
   (You found it on level 1 of the Dungeon)
Wands
 h - a wand of polymorph (9)
   (You took it off Jessica on level 3 of the Dungeon)
 o - a wand of digging (4)
   (You found it on level 3 of the Dungeon)
Scrolls
 e - 2 scrolls of teleportation
 f - 4 scrolls of noise
 g - 3 scrolls of poison
 n - 2 scrolls of immolation
 q - a scroll of summoning
 w - a scroll of vulnerability
 x - a scroll of fog
Potions
 c - a potion of might
 i - a potion of berserk rage {unknown}
 j - 4 potions of brilliance
 k - 4 potions of degeneration
 m - 2 potions of mutation {unknown}
 p - 3 potions of lignification
 r - 3 potions of heal wounds {unknown}
 s - a potion of curing {unknown}
 v - a potion of attraction {unknown}

Dungeon Overview and Level Annotations

Branches:
Dungeon (7/15) Zot: 26987  Temple (0/1) D:5

Altars:
Ashenzari
Elyvilon
Fedhas
Gozag
Okawaru
Qazlal
The Shining One

Shops:
D:4 (

Annotations:
D:3 2 transporters, NinjaNoafa's ghost, weakling MiMo
D:4 1 runed translucent door, Taurus's ghost, amateur MiFi

... ...#.#
.......
#####y.....
$..F♣y......
...hyy..y...
....y.......
...h.......y
.......†....
........y..
...........
...#######
##


You could see 6 killer bees, a friendly bullfrog (summoned) and 2 friendly
howler monkeys.


Message History

You fly downwards.
The hound barks!
You hear an angry buzzing noise. x4
There is a stone staircase leading up here.
Unknown command.
A hound is nearby!
A hound is nearby!
A killer bee comes into view.
The killer bee moves out of view.
A killer bee comes into view.
The hound bites you. x2 😕 HP[-7]
You take 7 damage, and now have 44/51 hp.
You puncture the hound! You drain the hound.
The hound bites you but does no damage.
You hit the hound. You drain the hound.
You kill the hound!
Trog accepts your kill. 2 killer bees come into view.
The killer bee stings you.
A killer bee comes into view.
The killer bee stings you.
You are poisoned.
The killer bee poisons you!
You see here a hound corpse. 😕 HP[-2]
You take 2 damage, and now have 42/51 hp.
You feel very sick. The killer bee misses you.
A killer bee comes into view.
The killer bee completely misses you.
The killer bee buzzes angrily. 😕 HP[-3]
You take 3 damage, and now have 39/51 hp.
The killer bee attacks as you move away!
The killer bee barely misses you.
The killer bee attacks as you move away!
The killer bee stings you but does no damage.
You feel sick.
The killer bee buzzes angrily.
The killer bee stings you but does no damage. 😮 HP[-2]
You take 2 damage, and now have 37/51 hp.
You feel sick. The killer bee stings you.
You are more poisoned.
The killer bee poisons you! The killer bee misses you.
The killer bee stings you. The killer bee completely misses you.
There is a stone staircase leading up here. 😮 HP[-7]
You take 7 damage, and now have 30/51 hp.
The killer bee attacks as you move away!
The killer bee closely misses you.
The killer bee attacks as you move away!
The killer bee stings you!
* * * LOW HITPOINT WARNING * * *
You feel very sick. The killer bee closely misses you.
The killer bee barely misses you.
The killer bee stings you but does no damage.
The killer bee barely misses you. 😨 HP[-10]
You take 10 damage, and now have 20/51 hp.
As you read the scroll of summoning, it crumbles to dust.
Wisps of shadow whirl around you...
You feel sick. The killer bee barely misses you.
The killer bee stings you but does no damage.
The killer bee closely misses you. x2; The killer bee stings you.
* * * LOW HITPOINT WARNING * * *
You are lethally poisoned!
The killer bee poisons you! The killer bee stings you.
* * * LOW HITPOINT WARNING * * *
😱 HP[-12]
You take 12 damage, and now have 8/51 hp.
MASSIVE DAMAGE!! (PAUSE) Really quaff the potion of lignification?
You turn into a tree.
Your +0 helmet melds into your body.
Your +1 pair of gloves melds into your body.
Your +0 animal skin melds into your body.
Your roots penetrate the ground.
* * * LOW HITPOINT WARNING * * *
You feel very sick.
The killer bee stings you but does no damage. x2
The killer bee stings you.
* * * LOW HITPOINT WARNING * * *
The killer bee stings you but does no damage. x2
The killer bee barely misses you.
The killer bee stings you but does no damage.
Your bullfrog closely misses the killer bee.
Your howler monkey misses the killer bee. 😱 HP[-2]
You now have 76 max hp (+25).
Unknown command.
It was a potion of magic.
Magic courses through your body.
* * * LOW HITPOINT WARNING * * *
You feel very sick. The killer bee completely misses you.
The killer bee stings you but does no damage.
The killer bee barely misses you.
The killer bee stings you but does no damage.
The killer bee barely misses your howler monkey.
Your bullfrog hits the killer bee! The killer bee stings you.
You die...

Skill      XL: |  1  2  3  4  5  6  7  8  9 |
---------------+----------------------------+-----
Stealth        | 1 2 4 5 7 8 9 11 12 | 12.0
Short Blades   | 5 6 9 10 | 10.1
Fighting       | |  3.4
Armour         | |  1.5
Dodging        | |  2.7

Action                   |  1- 3 |  4- 6 |  7- 9 || total
-------------------------+-------+-------+-------++-------
Melee: Short sword       |    82 |   153 |    90 ||   325
       Punch             |       |     1 |     4 ||     5
       Rapier            |       |       |    82 ||    82
Invok: Berserk           |     1 |     3 |     1 ||     5
  Use: Scroll            |     4 |     3 |     6 ||    13
       Potion            |       |     3 |     3 ||     6
 Stab: Sleeping          |    18 |    11 |    19 ||    48
       Distracted        |       |     1 |       ||     1
Armor: Animal skin       |     8 |    15 |    18 ||    41
       Skin              |       |       |     7 ||     7
Dodge: Dodged            |    53 |    71 |   137 ||   261

Levels and vault maps discovered:
D:1:      onia_arrival_pyramid, layout_basic, shapermc_ecumenical_altar_petra
D:2:      layout_basic, nicolae_elevator_lobby_plus
D:3:      layout_basic, mainiacjoe_overflow_tiny_flanked, gammafunk_ghost_arena,
          uniq_robin, uniq_jessica
D:4:      layout_basic, nicolae_tso_carved_into_rock,
          mainiacjoe_overflow_surrounded_room, gammafunk_ghost_grave,
          serial_shops, nicolae_square_shop
D:5:      layout_basic, nicolae_qazlal_style_of_elements,
          mainiacjoe_overflow_concentric_impassable,
          amethyst_overflow_temple_binary, minmay_temple_entry_nine_rooms,
          minmay_misc_feat_diagonals
D:6:      layout_loops_ring, nicolae_benzene_ring, st_stairs_1, grunt_tough_drop
D:7:      layout_rooms, nicolae_sif_muna_little_library

Notes
Turn   | Place    | Note
-------+----------+-------------------------------------------
     0 | D:1      | ytrimaz the Kobold Berserker began the quest for the Orb.
     0 | D:1      | Reached XP level 1. HP: 14/14 MP: 1/1
     0 | D:1      | magus.rc [v1.9.6]
   449 | D:1      | Found a faded altar of an unknown god.
   490 | D:1      | Reached skill level 1 in Stealth
   490 | D:1      | Reached XP level 2. HP: 19/19 MP: 2/2
   742 | D:1      | Reached skill level 2 in Stealth
   864 | D:1      | Reached XP level 3. HP: 17/23 MP: 3/3
  1050 | D:2      | Reached skill level 3 in Stealth
  1433 | D:2      | Reached ** piety under Trog
  1583 | D:2      | Reached skill level 4 in Stealth
  1655 | D:2      | Reached XP level 4. HP: 28/28 MP: 4/4
  1656 | D:2      | Identified the +0 trident of Wyrd {pain, rF+ Will+}
  2267 | D:2      | Reached skill level 5 in Stealth
  2466 | D:3      | Found a transporter.
  2541 | D:3      | Found a transporter.
  2541 | D:3      | Noticed NinjaNoafa's ghost (weakling MiMo)
  2661 | D:3      | Noticed Robin
  2683 | D:3      | Noticed Jessica
  2689 | D:3      | Killed Robin
  2690 | D:3      | Reached XP level 5. HP: 20/32 MP: 5/5
  2696 | D:3      | Killed Jessica
  2697 | D:3      | Reached skill level 6 in Stealth
  2702 | D:3      | HP: 7/32 [goblin/+0 dagger[Robin] (3)]
  2707 | D:3      | HP: 5/32 [goblin/+0 club[Robin] (4)]
  2710 | D:3      | HP: 1/32 [goblin/+0 club[Robin] (4)]
  2766 | D:3      | HP: 8/32 [dart slug/slug dart (4)]
  2878 | D:3      | Found an iron altar of Okawaru.
  3063 | D:4      | Noticed a phantom
  3067 | D:4      | Killed a phantom
  3068 | D:4      | Reached skill level 7 in Stealth
  3068 | D:4      | Reached XP level 6. HP: 26/37 MP: 6/6
  3227 | D:4      | Reached skill level 8 in Stealth
  3228 | D:4      | Reached *** piety under Trog
  3607 | D:4      | Found Xyxzong's Antique Weapon Boutique.
  3661 | D:4      | Reached skill level 5 in Short Blades
  3661 | D:4      | Reached XP level 7. HP: 30/41 MP: 7/7
  3867 | D:4      | Found a broken altar of Ashenzari.
  3939 | D:4      | Reached skill level 6 in Short Blades
  3939 | D:4      | Reached skill level 9 in Stealth
  4005 | D:4      | Found a runed translucent door.
  4520 | D:4      | Found a glowing golden altar of the Shining One.
  4621 | D:4      | Noticed Taurus's ghost (amateur MiFi)
  4679 | D:4      | Bought a twisted rapier for 171 gold pieces
  4679 | D:4      | Identified the +7 rapier of Youthful Indiscretion {drain,
                  | +Blink Fly rN+ MP+9} (You bought it in a shop on level 4 of
                  | the Dungeon)
  4763 | D:5      | Entered Level 5 of the Dungeon
  5084 | D:5      | Found a white marble altar of Elyvilon.
  5122 | D:5      | Reached XP level 8. HP: 46/46 MP: 8/8
  5293 | D:5      | Reached skill level 7 in Short Blades
  5293 | D:5      | Reached skill level 10 in Stealth
  5629 | D:5      | Noticed an air elemental
  5631 | D:5      | Noticed a fire elemental
  5632 | D:5      | Found a stormy altar of Qazlal.
  5657 | D:5      | Noticed a water elemental
  5887 | D:5      | Found a blossoming altar of Fedhas.
  5894 | D:5      | Found an opulent altar of Gozag.
  5994 | D:5      | Found a staircase to the Ecumenical Temple.
  6331 | D:6      | Reached skill level 8 in Short Blades
  6406 | D:6      | Reached skill level 11 in Stealth
  6658 | D:6      | Reached skill level 9 in Short Blades
  6658 | D:6      | Reached XP level 9. HP: 51/51 MP: 9/9
  6755 | D:6      | Reached skill level 12 in Stealth
  7001 | D:6      | Reached skill level 10 in Short Blades
  7311 | D:7      | HP: 8/51 [killer bee (5)]
  7313 | D:7      | Slain by a killer bee

Vanquished Creatures
  A water moccasin (D:6)
  A black bear (D:6)
  A centaur (D:6)
  An ogre (D:5)
  2 phantoms (D:4)
  2 bullfrogs (D:6)
  2 scorpions (D:5)
  3 necrophages
  4 jellies
  4 hounds
  A gnoll bouda (D:4)
  Jessica (D:3)
  5 iguanas
  2 orc wizards
  Robin (D:3)
  10 gnolls
  7 adders
  A white imp (D:6)
  An ufetubus (D:4)
  3 worms
  2 dart slugs
  13 orcs
  5 endoplasms
  2 giant cockroaches
  11 hobgoblins
  8 jackals
  5 quokkas
  3 ball pythons
  3 bats
  5 frilled lizards
  14 goblins
  8 kobolds
  7 rats
139 creatures vanquished.

Vanquished Creatures (others)
  A kobold (D:4)
  A withered plant (D:4)
2 creatures vanquished.

Grand Total: 141 creatures vanquished

Table legend:
 A = Non-vault XP
 B = Vault XP
 C = Vault XP percentage of total XP
 D = Non-vault monster count
 E = Vault monster count
 F = Vault count percentage of total count
                 A         B        C        D         E       F
            +---------+---------+-------+---------+---------+-------
      Total |    1958 |     485 |  19.9 |     120 |      19 |  13.7
            +---------+---------+-------+---------+---------+-------
        D:1 |      31 |       0 |   0.0 |      21 |       0 |   0.0
        D:2 |      69 |       0 |   0.0 |      24 |       0 |   0.0
        D:3 |      30 |      74 |  71.2 |      10 |      13 |  56.5
        D:4 |     646 |       0 |   0.0 |      37 |       0 |   0.0
        D:5 |     489 |       0 |   0.0 |       9 |       0 |   0.0
        D:6 |     650 |     411 |  38.7 |      18 |       6 |  25.0
        D:7 |      43 |       0 |   0.0 |       1 |       0 |   0.0
            +---------+---------+-------+---------+---------+-------

Illustrated notes

Table legend:
 A = Kills in this place as a percentage of kills in entire the game.
 B = Kills by you in this place as a percentage of kills by you in the entire game.
 C = Kills by friends in this place as a percentage of kills by friends in the entire game.
 D = Other kills in this place as a percentage of other kills in the entire game.
 E = Experience gained in this place as a percentage of experience gained in the entire game.
 F = Experience gained in this place divided by the number of levels of this place that you have seen.
                   A       B       C       D       E      F
               +-------+-------+-------+-------+-------+----------------------
         Total | 100.0 | 100.0 |   N/A |   N/A | 100.0 | 349.0
       Dungeon | 100.0 | 100.0 |   N/A |   N/A | 100.0 | 349.0
               +-------+-------+-------+-------+-------+----------------------

Table legend: (Time is in decaauts)
 A = Elapsed time spent in this place.
 B = Non-inter-level travel time spent in this place.
 C = Inter-level travel time spent in this place.
 D = Time resting spent in this place.
 E = Time spent auto-exploring this place.
 F = Levels seen in this place.
 G = Mean time per level.
                   A        B        C        D        E       F      G
               +--------+--------+--------+--------+--------+-----+--------+
         Total |   7251 |   6887 |    364 |    191 |   5685 |   7 | 1035.9 |
       Dungeon |   7251 |   6887 |    364 |    191 |   5685 |   7 | 1035.9 |
               +--------+--------+--------+--------+--------+-----+--------+

Top non-repeatable levels by time:
     D:4: 1605 daAuts
     D:5: 1376 daAuts
     D:2: 1248 daAuts
     D:6: 1070 daAuts
     D:1: 1028 daAuts
     D:3: 912 daAuts
     D:7: 11 daAuts
